 Dungeon Crawl Stone Soup version 0.31-a0-426-g3a05650e59 (webtiles) character file.

Game seed: 5625319273376192156

42 mopl the Slasher (level 3, -2/22 HPs)
             Began as a Tengu Warper on July 30, 2023.
             Slain by a worm (9 damage)
             ... on level 2 of the Dungeon.
             The game lasted 00:00:55 (1070 turns).

mopl the Slasher (Tengu Warper)                     Turns: 1070, Time: 00:00:56

Health: -2/22      AC:  3    Str: 13    XL:     3   Next: 54%
Magic:  7/7        EV: 12    Int: 13    God:
Gold:   70         SH:  0    Dex: 13    Spells: 6/6 levels left

rFire   . . .        a - +0 falchion
rCold   . . .        (no shield)
rNeg    . . .        b - +0 leather armour
rPois   .            (helmet restricted)
rElec   .            (no cloak)
rCorr   .            (no gloves)
SInv    .            (boots unavailable)
Will    .....        (no amulet)
Stlth   +            (no ring)
HPRegen 0.23/turn    (no ring)
MPRegen 0.10/turn

%: no passive effects
@: no status effects
A: beak, talons 3
a: no special abilities


You were on level 2 of the Dungeon.
You visited 1 branch of the dungeon, and saw 2 of its levels.

You collected 70 gold pieces.

Inventory:

Hand Weapons
 a - a +0 falchion (weapon)
Missiles
 d - 7 darts of dispersal
 f - 5 boomerangs
 i - 4 poisoned darts (quivered)
Armour
 b - a +0 leather armour (worn)
Scrolls
 c - a scroll of blinking
 e - a scroll of poison {unknown}
 g - a scroll of brand weapon {unknown}
 h - a scroll of identify {unknown}
 j - a scroll of teleportation {unknown}
 k - a scroll of revelation {unknown}
Potions
 l - 2 potions of berserk rage {unknown}


   Skills:
 + Level 2.3 Fighting
 * Level 3.0 Long Blades
 - Level 1.0 Throwing
 + Level 1.5 Armour
 + Level 2.5 Dodging
 + Level 2.2 Spellcasting
 + Level 2.6 Translocations


You had 6 spell levels left.
You didn't know any spells.
Your spell library contained the following spells:

 Spells                   Type           Power      Damage    Failure   Level
 Blink                    Tloc           16%        N/A       17%         2
 Lesser Beckoning         Tloc           16%        N/A       17%         2
 Teleport Other           Tloc           8%         N/A       32%         3
 Vhi's Electric Charge    Tloc/Air       8%         N/A       50%         3
 Manifold Assault         Tloc           8%         N/A       73%         4


Dungeon Overview and Level Annotations

Branches:
Dungeon (2/15)

Altars:


Innate Abilities, Weirdness & Mutations

You have a beak for a mouth.
You have claws for feet.


Message History

Found a stone staircase leading up.
Found a stone staircase leading down.
No target in view!
l - 2 smoky sapphire potions An endoplasm comes into view.
The endoplasm quivers.
You barely miss the endoplasm. You claw the endoplasm. You peck the endoplasm.
You kill the endoplasm!
Your Long Blades skill increases to level 3!
No target in view!
No target in view!
No target in view!
No target in view!
No target in view!
No target in view!
No target in view!
No target in view!
You open the door.
There is an open door here.
A worm comes into view.
A worm is nearby!
The worm closely misses you.
You hit the worm. You claw the worm. You peck the worm.
The worm is moderately wounded.
The worm bites you.
You hit the worm. You claw the worm. You peck the worm.
The worm is heavily wounded.
You barely miss the worm. Your kick misses the worm.
The worm is heavily wounded.
The worm bites you!
You are too injured to fight recklessly!
You are too injured to fight recklessly!
You are too injured to fight recklessly!
You are too injured to fight recklessly!
A worm is nearby!
A worm is nearby!
You hit the worm. You peck the worm, but do no damage.
The worm is heavily wounded.
The worm bites you!
You die...

#.#
#.#....##<..#.##...##
#.# ###########.#......
#.# ..#.##.## #.# ###.
#.## #.# #. #... #.# #)
###. #.# #. ##
#.######################
#+ #
#...............@w......
########################


You could see a worm.

Vanquished Creatures
  An adder (D:2)
  A dart slug (D:1)
  A ball python (D:2)
  3 bats (D:1)
  2 endoplasms
  2 goblins (D:1)
  6 hobgoblins (D:1)
  2 kobolds (D:1)
  4 quokkas (D:1)
  A frilled lizard (D:1)
  3 rats (D:1)
26 creatures vanquished.

Notes
Turn   | Place    | Note
-------+----------+-------------------------------------------
     0 | D:1      | mopl the Tengu Warper began the quest for the Orb.
     0 | D:1      | Reached XP level 1. HP: 12/12 MP: 4/4
   109 | D:1      | Reached XP level 2. HP: 10/17 MP: 6/6
   126 | D:1      | Found a faded altar of an unknown god.
   314 | D:1      | Reached XP level 3. HP: 21/21 MP: 7/7
   952 | D:2      | Reached skill level 3 in Long Blades
  1070 | D:2      | Slain by a worm

Illustrated notes

Levels and vault maps discovered:
D:1:      evilmike_arrival_crescent, layout_basic,
          chequers_ecumenical_altar_simple_redux, st_stairs_10
D:2:      layout_basic

Skill      XL: |  1  2  3 |
---------------+----------+-----
Long Blades    | 3 |  3.0
Fighting       | |  2.3
Throwing       | |  1.0
Armour         | |  1.5
Dodging        | |  2.5
Spellcasting   | |  2.2
Translocations | |  2.6

Action                     || total
---------------------------++-------
  Melee: Falchion          ||    56
         Kick              ||    14
         Peck              ||     9
   Stab: Sleeping          ||     1
 Armour: Leather armour    ||    10
  Dodge: Dodged            ||    30

Table legend: (Time is in decaauts)
 A = Elapsed time spent in this place.
 B = Non-inter-level travel time spent in this place.
 C = Inter-level travel time spent in this place.
 D = Time resting spent in this place.
 E = Time spent auto-exploring this place.
 F = Levels seen in this place.
 G = Mean time per level.
                   A        B        C        D        E       F      G
               +--------+--------+--------+--------+--------+-----+--------+
         Total |   1079 |   1051 |     28 |     15 |    871 |   2 |  539.5 |
       Dungeon |   1079 |   1051 |     28 |     15 |    871 |   2 |  539.5 |
               +--------+--------+--------+--------+--------+-----+--------+

Top non-repeatable levels by time:
     D:1: 628 daAuts
     D:2: 451 daAuts
